 Dungeon Crawl Stone Soup version 0.24-a0-181-gd121a6d (webtiles) character file.

Game seed: 7758696441222014573

801 Ijustatesigmund the Conjurer (level 7, -3/45 HPs)
             Began as an Octopode Wizard on Mar 14, 2019.
             Slain by a wyvern zombie (10 damage)
             ... in an ossuary.
             The game lasted 00:12:13 (6158 turns).

Ijustatesigmund the Conjurer (Octopode Wizard)      Turns: 6158, Time: 00:12:15

Health: -3/45      AC:  1    Str:  6    XL:     7   Next: 90%
Magic:  11/11      EV: 15    Int: 20    God:
Gold:   257        SH:  0    Dex: 13    Spells: 6/12 levels left

rFire    . . .     SeeInvis .   j - +1 flail (venom)
rCold    . . .     Gourm    .   (no shield)
rNeg     . . .     Faith    .   a - +0 hat
rPois    .         Spirit   .   (no amulet)
rElec    .         Reflect  .   (no ring)
rCorr    .         Harm     .   (no ring)
MR       .....                  (no ring)
Stlth    +++.......             (no ring)
HPRegen  0.15/turn              (no ring)
MPRegen  0.12/turn              (no ring)
                                (no ring)
                                (no ring)

@: no status effects
A: almost no armour, stealthy swim, amphibious, 8 rings, constrict 8, camouflage
1, gelatinous body 1
a: no special abilities


You were in an ossuary.
You were not hungry.

You visited 1 branch of the dungeon, and saw 6 of its levels.
You also visited: Ossuary.

You collected 257 gold pieces.

Inventory:

Hand Weapons
 j - a +1 flail of venom (weapon)
Armour
 a - a +0 hat (worn)
Wands
 m - a wand of acid (5)
 o - a wand of flame (16)
Scrolls
 b - a scroll of fog
 d - a scroll of magic mapping
 q - a scroll of remove curse
Potions
 e - a potion of flight
 f - a potion of lignification
 h - a potion of resistance
 i - a potion of haste
Comestibles
 c - 6 rations


   Skills:
 - Level 2.0 Fighting
 + Level 3.0 Maces & Flails
   Level 1.3 Polearms
 + Level 4.2 Dodging
 - Level 2.6 Stealth
 - Level 3.0 Spellcasting
 + Level 4.4 Conjurations
   Level 1.0 Summonings
 - Level 2.0 Translocations
 + Level 3.5 Fire Magic


You had 6 spell levels left.
You knew the following spells:

 Your Spells              Type           Power        Failure   Level  Hunger
a - Magic Dart            Conj           ###.         2%          1    None
b - Blink                 Tloc           N/A          10%         2    ##.....
c - Conjure Flame         Conj/Fire      ###.....     9%          3    ###....

Your spell library contained the following spells:

 Spells                   Type           Power        Failure   Level  Hunger
 Call Imp                 Summ           #.......     14%         2    ##.....
 Slow                     Hex            #.......     22%         2    ##.....
 Mephitic Cloud           Conj/Pois/Air  #.......     24%         3    ###....


Dungeon Overview and Level Annotations

Branches:
Dungeon (7/15)
 Temple: D:4-7

Altars:


Innate Abilities, Weirdness & Mutations

You cannot wear most types of armour.
You are very stealthy in the water. (Stealth+)
You are amphibious.
You can wear up to eight rings at the same time.
You can use your tentacles to constrict eight enemies at once.
Your skin changes colour to match your surroundings (Stealth+).
Your rubbery body absorbs attacks. (AC +1, EV +1)


Message History

Aiming: Throw Flame
Press: ? - help, Shift-Dir - straight line, f - wyvern zombie
Aim: a wyvern zombie (lightly damaged)
The puff of flame hits the wyvern zombie.
The wyvern zombie is lightly damaged.
The wyvern zombie bites you.
Evoke which item? (* to show all) (? for menu, Esc to quit)
Aiming: Corrosive Bolt
Press: ? - help, Shift-Dir - straight line, f/p - wyvern zombie
Aim: a wyvern zombie (lightly damaged)
The bolt of acid misses the wyvern zombie.
The wyvern zombie barely misses you.
Okay, then.
You barely miss the wyvern zombie.
The wyvern zombie is lightly damaged.
The wyvern zombie bites you!
* * * LOW HITPOINT WARNING * * *
A worker ant zombie comes into view.
The wyvern zombie bites you!
You die...

≈ #≈ ≈#≈##
###
≈P≈.≈P#.#
#≈#.≈≈#'###
≈≈.≈≈≈..Z.#
#####@###
#...#.'.#
#.∩.'.###
#∩..#.'.#
#####.###
'.' #.##
#.Z '.#


You could see a wyvern zombie and a worker ant zombie (wandering).

Vanquished Creatures
  2 ogres
  2 bullfrogs (D:6)
  A bullfrog zombie (D:6)
  A hound (D:3)
  Crazy Yiuf (D:3)
  Jessica (D:3)
  Natasha (thrice) (D:2)
  A worker ant (D:4)
  A killer bee zombie (Ossuary)
  A hound zombie (Ossuary)
  A hound skeleton (D:6)
  7 mummies (Ossuary)
  9 adders
  An ooze (D:1)
  2 worms (D:3)
  A dart slug (D:2)
  A leopard gecko (D:2)
  3 orcs (D:3)
  2 ball pythons
  3 giant cockroaches
  7 goblins
  7 hobgoblins
  3 jackals
  5 kobolds
  3 bats
  4 frilled lizards
  A quokka zombie (Ossuary)
  8 rats
82 creatures vanquished.

Vanquished Creatures (others)
  2 withered plants (Ossuary)
2 creatures vanquished.

Grand Total: 84 creatures vanquished

Notes
Turn   | Place    | Note
-------+----------+-------------------------------------------
     0 | D:1      | Ijustatesigmund the Octopode Wizard began the quest for the
                  | Orb.
     0 | D:1      | Reached XP level 1. HP: 11/11 MP: 4/4
   463 | D:1      | Reached skill level 1 in Fighting
   463 | D:1      | Reached XP level 2. HP: 18/18 MP: 0/6
   467 | D:1      | Learned a level 2 spell: Blink
  1225 | D:2      | Reached XP level 3. HP: 23/23 MP: 2/7
  1794 | D:2      | Reached XP level 4. HP: 24/29 MP: 1/8
  1857 | D:2      | Learned a level 3 spell: Conjure Flame
  1862 | D:2      | Noticed Natasha
  2347 | D:2      | Killed Natasha
  2576 | D:2      | Reached skill level 1 in Polearms
  2599 | D:2      | Reached skill level 1 in Fire Magic
  2599 | D:2      | Reached XP level 5. HP: 34/34 MP: 3/9
  3057 | D:2      | Noticed Natasha
  3065 | D:2      | Killed Natasha
  3414 | D:2      | Noticed Natasha
  3424 | D:2      | Killed Natasha
  4289 | D:3      | Noticed an ogre
  4449 | D:3      | Noticed Jessica
  4455 | D:3      | Killed Jessica
  4455 | D:3      | Reached skill level 1 in Maces & Flails
  4455 | D:3      | Reached XP level 6. HP: 39/39 MP: 5/10
  5095 | D:3      | Found a runed translucent door.
  5096 | D:3      | Noticed Crazy Yiuf
  5114 | D:3      | Killed Crazy Yiuf
  5442 | D:4      | Reached XP level 7. HP: 45/45 MP: 3/11
  5642 | D:4      | You fall through a shaft for 3 floors!
  5964 | D:6      | Found a sand-covered staircase.
  5973 | Ossuary  | Entered an ossuary
  6158 | Ossuary  | Slain by a wyvern zombie

Levels and vault maps discovered:
D:1:      eino_arrival_cavern_a, layout_loops_ring, kennysheep_another_room
D:2:      layout_loops_ring, first_ration, uniq_natasha
D:3:      layout_basic, guppyfry_early_orc_mine, uniq_jessica,
          uniq_crazy_yiuf_cottage
D:4:      layout_basic, nicolae_overflow_crystal_walls,
          minmay_temple_entry_from_below_a, serial_shops, shop,
          hangedman_abyss_or_decor_slice
D:6:      layout_loops_ring, enter_ossuary_1, hellmonk_ghost_happy_afterlife,
          serial_shops, shop, chequers_serial_rivers_room_a,
          grunt_ministairs_11, uniq_edmund
D:7:      layout_basic, led_sif_pool
Ossuary:  ossuary_zaba_flooded

Skill      XL: |  1  2  3  4  5  6  7 |
---------------+----------------------+-----
Fighting       | 1 2 |  2.0
Conjurations   | 2 3 4 |  4.4
Translocations | 2 |  2.0
Polearms       | 1 |  1.3
Fire Magic     | 1 2 3 |  3.5
Maces & Flails | 1 2 3 |  3.0
Dodging        | 3 4 |  4.2
Stealth        | |  2.6
Spellcasting   | |  3.0
Summonings     | |  1.0

Action                   |  1- 3 |  4- 6 |  7- 9 || total
-------------------------+-------+-------+-------++-------
Melee: Short sword       |     6 |       |       ||     6
       Tentacles         |     1 |     6 |     2 ||     9
       Spear             |     7 |    12 |       ||    19
       Constrict         |     2 |     8 |     7 ||    17
       Flail             |       |    17 |    40 ||    57
 Cast: Magic Dart        |    54 |   131 |    34 ||   219
       Conjure Flame     |       |     1 |       ||     1
Evoke: Wand              |       |       |     9 ||     9
  Use: Scroll            |     3 |     7 |     3 ||    13
       Potion            |       |     1 |     1 ||     2
  Eat: Chunk             |     2 |     8 |     1 ||    11
       Ration            |       |     1 |     1 ||     2
Armor: Skin              |     3 |     2 |     3 ||     8
Dodge: Dodged            |    11 |    34 |    38 ||    83

Table legend:
 A = Non-vault XP
 B = Vault XP
 C = Vault XP percentage of total XP
 D = Non-vault monster count
 E = Vault monster count
 F = Vault count percentage of total count
                 A         B        C        D         E       F
            +---------+---------+-------+---------+---------+-------
      Total |     821 |     324 |  28.3 |      62 |      20 |  24.4
            +---------+---------+-------+---------+---------+-------
        D:1 |      24 |       0 |   0.0 |      11 |       0 |   0.0
        D:2 |     207 |      36 |  14.8 |      28 |       1 |   3.4
        D:3 |     191 |      93 |  32.7 |      15 |       9 |  37.5
        D:4 |     150 |       0 |   0.0 |       3 |       0 |   0.0
        D:6 |     249 |       0 |   0.0 |       5 |       0 |   0.0
    Ossuary |       0 |     195 | 100.0 |       0 |      10 | 100.0
            +---------+---------+-------+---------+---------+-------
